 Dungeon Crawl Stone Soup version 0.24-a0-341-g52ca42d3ec (webtiles) character file.

Game seed: 14027032467968735658

170 MisterFreud the Changer (level 5, 0/33 HPs)
             Began as an Octopode Transmuter on May 20, 2019.
             Slain by Duvessa
             ... wielding a +0 short sword
              (8 damage)
             ... on level 4 of the Dungeon.
             The game lasted 00:05:00 (2154 turns).

MisterFreud the Changer (Octopode Transmuter)       Turns: 2154, Time: 00:05:01

Health: 0/33       AC:  2    Str:  9    XL:     5   Next: 51%
Magic:  6/9        EV: 20    Int: 16    God:
Gold:   208        SH:  0    Dex: 18    Spells: 4/10 levels left

rFire    . . .     SeeInvis .     - Unarmed
rCold    . . .     Gourm    .   (shield currently unavailable)
rNeg     . . .     Faith    .   (helmet currently unavailable)
rPois    x         Spirit   .   e - amulet of regeneration
rElec    .         Reflect  .   p - ring of flight
rCorr    .         Harm     .   (no ring)
MR       .....                  (no ring)
Stlth    ++........             (no ring)
HPRegen  0.51/turn              (no ring)
MPRegen  0.11/turn              (no ring)
                                (no ring)
                                (no ring)

@: spider-form
A: tiny, almost no armour, stealthy swim, (amphibious), 8 rings, (constrict 8)
a: End Transformation, Evoke Flight


You were on level 4 of the Dungeon.
You were not hungry.
You were a venomous arachnid creature.
You visited 1 branch of the dungeon, and saw 4 of its levels.

You collected 208 gold pieces.

Inventory:

Missiles
 a - 52 arrows
 b - 67 stones (quivered)
 k - 2 throwing nets
 q - 7 poisoned darts
Jewellery
 e - an amulet of regeneration (around neck)
 p - a ring of flight (left front leg)
Wands
 n - a wand of iceblast (9)
 t - a wand of flame (4)
Scrolls
 i - a scroll of remove curse
 j - a scroll of teleportation
 o - a scroll of fog {unknown}
 r - 4 scrolls of identify
 u - a scroll of amnesia {unknown}
Potions
 d - 2 potions of curing
 f - a potion of experience {unknown}
 g - a potion of brilliance {unknown}
 h - 2 potions of heal wounds {unknown}
 m - 2 potions of agility {unknown}
 s - a potion of flight {unknown}
Comestibles
 c - 5 rations
 l - 6 chunks of flesh


   Skills:
 - Level 1.0 Fighting
 - Level 2.0 Dodging
 - Level 3.0 Unarmed Combat
 + Level 3.2 Spellcasting
 * Level 4.7 Transmutations


You had 4 spell levels left.
You knew the following spells:

 Your Spells              Type           Power        Failure   Level  Hunger
a - Beastly Appendage     Tmut           ###...       10%         1    None
b - Sticks to Snakes      Tmut           ###.....     13%         2    ##.....
c - Spider Form           Tmut/Pois      ##........   41%         3    ###....

Your spell library contained the following spells:

 Spells                   Type           Power        Failure   Level  Hunger
 Ice Form                 Ice/Tmut       ##......     77%         4    ####...
 Blade Hands              Tmut           ###.......   78%         5    ######.


Dungeon Overview and Level Annotations

Branches:
Dungeon (3/15)

Altars:
Gozag
Xom

Annotations:
D:2 1 runed translucent door, Crazy Yiuf
D:4 Dowan, Duvessa


Innate Abilities, Weirdness & Mutations

You cannot wear most types of armour.
You are very stealthy in the water. (Stealth+)
((You are amphibious.))
You can wear up to eight rings at the same time.
((You can use your tentacles to constrict eight enemies at once.))
((Your skin changes colour to match your surroundings (Stealth+).))
((Your rubbery body absorbs attacks. (AC +1, EV +1)))


Message History

You hit Duvessa but do no damage.
Duvessa is poisoned.
Duvessa misses you. Duvessa hits you with a +0 short sword!
You completely miss Duvessa. Duvessa completely misses you.
You hit Duvessa but do no damage.
Duvessa looks as sick as possible!
Duvessa is lightly wounded.
Duvessa hits you but does no damage.
You hit Duvessa but do no damage.
Duvessa looks as sick as possible!
Duvessa is lightly wounded.
Duvessa hits you with a +0 short sword!
* * * LOW HITPOINT WARNING * * *
Duvessa misses you.
You hit Duvessa.
Duvessa looks as sick as possible!
Duvessa is moderately wounded.
Duvessa completely misses you. The leopard gecko skeleton bites you.
* * * LOW HITPOINT WARNING * * *
You feel better. Duvessa hits you with a +0 short sword!
* * * LOW HITPOINT WARNING * * *
The leopard gecko skeleton bites you but does no damage.
Duvessa hits you with a +0 short sword!
You die...

# ## ### .#. ..# #. .#.
#.# #. .. #Z#
######.###. #s#
.........#.#####e#
.....[...#......l#
.........##...#!......#
...##....#....#.#####.#
....#.........#.#
.e..#.....$.....#
....#.....###.###
....####..# ....


You could see Duvessa, a leopard gecko and a leopard gecko skeleton.

Vanquished Creatures
  An orc wizard (D:3)
  Terence (D:3)
  Natasha (twice) (D:2)
  2 dart slugs (D:2)
  2 leopard geckos
  2 orcs (D:3)
  2 giant cockroaches (D:1)
  3 goblins (D:1)
  8 hobgoblins
  10 jackals
  8 bats
  A frilled lizard (D:2)
  7 kobolds
  12 rats
61 creatures vanquished.

Notes
Turn   | Place    | Note
-------+----------+-------------------------------------------
     0 | D:1      | MisterFreud the Octopode Transmuter began the quest for the
                  | Orb.
     0 | D:1      | Reached XP level 1. HP: 13/13 MP: 3/3
   152 | D:1      | Reached XP level 2. HP: 18/18 MP: 5/5
   822 | D:2      | Reached skill level 3 in Transmutations
   826 | D:2      | Reached XP level 3. HP: 15/23 MP: 6/6
   840 | D:2      | Learned a level 2 spell: Sticks to Snakes
   844 | D:2      | Learned a level 3 spell: Spider Form
   964 | D:2      | Found a shimmering altar of Xom.
   969 | D:2      | Found a shimmering altar of Xom.
   970 | D:2      | Found a shimmering altar of Xom.
  1070 | D:2      | Noticed Natasha
  1089 | D:2      | Killed Natasha
  1089 | D:2      | Reached XP level 4. HP: 5/28 MP: 4/8
  1137 | D:2      | Noticed Natasha
  1144 | D:2      | Killed Natasha
  1144 | D:2      | Reached skill level 4 in Transmutations
  1186 | D:2      | Found a shimmering altar of Xom.
  1490 | D:2      | Found a runed translucent door.
  1491 | D:2      | Noticed Crazy Yiuf
  1741 | D:3      | Noticed Terence
  1884 | D:3      | Found an opulent altar of Gozag.
  1925 | D:3      | Reached XP level 5. HP: 29/33 MP: 4/9
  1937 | D:3      | Killed Terence
  2128 | D:4      | Noticed Duvessa
  2128 | D:4      | Noticed Dowan
  2154 | D:4      | Slain by Duvessa

Levels and vault maps discovered:
D:1:      erik_arrival_cave_to_civilisation [erik_arrival_cave_to_temple],
          layout_loops_ring, serial_bayou_pond_c
D:2:      layout_loops_ring, xom_redecorated, uniq_crazy_yiuf_cottage,
          uniq_natasha
D:3:      layout_rooms, serial_bayou, serial_bayou_pond_a, serial_bayou_ford_a,
          serial_bayou_pond_d, serial_bayou_pond_e, nicolae_gozag_seed_capital,
          uniq_terence
D:4:      layout_basic, okawaru_gym_becter, uniq_duvessa, uniq_blork_the_orc,
          uniq_grinder, uniq_ijyb

Skill      XL: |  1  2  3  4 |
---------------+-------------+-----
Transmutations | 3 4 |  4.7
Spellcasting   | 3 |  3.2
Fighting       | |  1.0
Dodging        | |  2.0
Unarmed Combat | |  3.0

Action                   |  1- 3 |  4- 6 || total
-------------------------+-------+-------++-------
Melee: Unarmed           |    92 |    80 ||   172
       Constrict         |    19 |     8 ||    27
       Kick              |     3 |       ||     3
       Tentacles         |     7 |     6 ||    13
       Punch             |     1 |       ||     1
 Cast: Beastly Appendage |     2 |       ||     2
       Spider Form       |     1 |     7 ||     8
  Use: Scroll            |       |     3 ||     3
       Potion            |       |     1 ||     1
 Stab: Sleeping          |     6 |     1 ||     7
  Eat: Chunk             |     1 |     4 ||     5
Armor: Skin              |    11 |     6 ||    17
Dodge: Dodged            |    72 |    51 ||   123

Table legend:
 A = Non-vault XP
 B = Vault XP
 C = Vault XP percentage of total XP
 D = Non-vault monster count
 E = Vault monster count
 F = Vault count percentage of total count
                 A         B        C        D         E       F
            +---------+---------+-------+---------+---------+-------
      Total |     170 |      74 |  30.3 |      57 |       4 |   6.6
            +---------+---------+-------+---------+---------+-------
        D:1 |      27 |       3 |  10.0 |      17 |       2 |  10.5
        D:2 |      80 |      35 |  30.4 |      25 |       1 |   3.8
        D:3 |      63 |      36 |  36.4 |      15 |       1 |   6.2
            +---------+---------+-------+---------+---------+-------
